[Event "Early-Titled-Tuesday-Blitz-March-26-2024"]
[Site "Chess.com"]
[Date "2024.03.26"]
[Round "7"]
[White "Meri-Arabidze"]
[Black "AryanTari"]
[Result "0-1"]
[WhiteElo "2672"]
[BlackElo "2995"]
[TimeControl "180+1"]
[EndTime "9:15:41 PDT"]
[Termination "AryanTari won by resignation"]

1. Nf3 b6 2. c4 Bb7 3. Nc3 c5 4.
e4 Nf6 5. e5 Ne4 6. Nxe4 Bxe4 7. b3 Nc6 8. Bb2 e6 9. d3 Bg6 10. Be2 Be7 11. O-O O-O 12. d4 cxd4 13. Nxd4 Qb8 14. f4 Nxd4 15. Bxd4 Be4 16. Bf3 Bxf3 17. Rxf3 Rc8 18. Rh3 g6 19. Rd3 b5 20. Be3 bxc4 21. Rxd7 Bf8 22. bxc4 Rxc4 23. Rb1 Qc8 24.
Rbb7 Rc3 25. Kf2 Bc5 26. Bxc5 Qxc5+ 27. Qd4 Rc2+ 28. Kg3 Qa3+ 29. Kh4 Rxg2 30. Rd8+ Rxd8 31. Qxd8+ Qf8 32. Qxf8+ Kxf8 33. Rxa7 Rxh2+ 34. Kg3 Rb2 35. a4 Rb3+ 36. Kg4 h5+ 37. Kh4 Kg7 38. a5 Rf3 39. Kg5 Rg3+ 40. Kh4 Rg4+ 41. Kh3 Rxf4 42. a6 Ra4 43. Ra8 g5 44. a7 Ra3+ 45. Kg2 g4 46. Kh2 h4 47. Kg2 Ra2+ 48. Kh1 g3 0-1

[Event "Early-Titled-Tuesday-Blitz-March-26-2024"]
[Site "Chess.com"]
[Date "2024.03.26"]
[Round "7"]
[White "BestestBP"]
[Black "Aural1011"]
[Result "1-0"]
[WhiteElo "2226"]
[BlackElo "1692"]
[TimeControl "180+1"]
[EndTime "9:15:43 PDT"]
[Termination "BestestBP won on time"]

1. c4 e6 2. g3 d5 3. cxd5 exd5 4. Bg2 Nf6 5. Nf3 c6 6. O-O Bd6 7. b3 O-O 8. Bb2 Bf5 9. Nd4 Bg6 10. Nc3 Re8 11.
d3 Nbd7 12. Rc1 a6 13. a3 Qe7 14. b4 a5 15. b5 c5 16. Nc2 d4 17. Nd5 Qxe2 18.
Nxf6+ Nxf6 19. Bxb7 Rab8 20. Bc6 Qxd1 21. Rfxd1 Re7 22.
a4 Ng4 23. Na3 Ne5 24. Nc4 Nxc4 25. Rxc4 Re2 26. Bc1 f6 27. Ba3 Bf7 28. Bxc5 Bxc4 29. Bxd6 Rd8 30. Bc7 Rc8 31. b6 Ba6 32. Bd5+ Kh8 33.
Bf4 Ree8 34. b7 Rb8 35. Rb1 h6 36. Bxb8 Rxb8 37. Rb6 Bxb7 38. Rxb7 Rc8 39. Bc4 Re8 40. Rb5 Re1+ 41. Kg2 Re2 42. Rxa5 Kh7 43. Bd5 Rb2 44.
Be4+ 1-0

[Event "Early-Titled-Tuesday-Blitz-March-26-2024"]
[Site "Chess.com"]
[Date "2024.03.26"]
[Round "7"]
[White "xasid81"]
[Black "AsaHoffmann"]
[Result "1-0"]
[WhiteElo "2591"]
[BlackElo "2407"]
[TimeControl "180+1"]
[EndTime "9:15:47 PDT"]
[Termination "xasid81 won by resignation"]

1. g3 Nf6 2. Bg2 d6 3. e4 c6 4. d4 e5 5. dxe5 dxe5 6. Qxd8+ Kxd8 7. Nc3 Be6 8. Bd2 Nbd7 9. h3 Kc7 10. Nf3 Bc5 11.
Ng5 Rhe8 12. Nxe6+ Rxe6 13. Ke2 a6 14. a3 b5 15. h4 h6 16. Bh3 Rd6 17. Rad1 Bd4 18.
Bg2 Nf8 19. Bf3 Rad8 20. Na2 Ne6 21. c3 Bxf2 22. g4 Bb6 23. g5 hxg5 24. hxg5 Nd7 25. b4 Ndf8 26. Bh5 g6 27. Bg4 Nd7 28. Rdf1 Rxd2+ 29. Kxd2 Nxg5 30. Kc2 Be3 31. Rh2 Bf4 32. Re2 Nf6 33.
Bf3 Nxf3 34. Rxf3 g5 35. Rf1 g4 36. Nc1 g3 37. Nd3 Nh5 38. Rh1 Ng7 39. Rh7 Rg8 40.
Re1 Kd6 41. Kd1 Ke7 42. Ke2 Ne6 43. Rh5 Ng5 44. Rg1 f6 45. Rh4 Nxe4 46. Nxf4 exf4 47. Rxf4 Nxc3+ 48. Kf3 Nd5 49. Re4+ Kd6 50. Rxg3 Rxg3+ 51. Kxg3 f5 52. Re8 f4+ 53. Kf3 c5 54. Rd8+ Ke6 55.
bxc5 a5 56. c6 Nb6 57. c7 b4 58. axb4 axb4 59. Kxf4 b3 60. c8=Q+ Nxc8 61. Rxc8 Kd5 62. Ke3 b2 63. Rb8 1-0

[Event "Early-Titled-Tuesday-Blitz-March-26-2024"]
[Site "Chess.com"]
[Date "2024.03.26"]
[Round "7"]
[White "Kapitan_Bayan"]
[Black "Kavyev_Ruslan"]
[Result "1-0"]
[WhiteElo "2295"]
[BlackElo "2385"]
[TimeControl "180+1"]
[EndTime "9:15:48 PDT"]
[Termination "Kapitan_Bayan won by resignation"]

1. e4 c5 2. Nf3 Nc6 3. d4 cxd4 4. Nxd4 Nf6 5. Nc3 e5 6. Ndb5 d6 7.
Nd5 Nxd5 8. exd5 Ne7 9. c3 Ng6 10. Qa4 Bd7 11. Qb4 Qb8 12. Qc4 Bxb5 13. Qxb5+ Kd8 14. Be3 Be7 15. g3 Qc7 16. h4 h5 17.
Bh3 Nf8 18. a4 g6 19. a5 f5 20. Ra3 Nd7 21. Rb3 Kc8 22. Rb4 Nc5 23. Rc4 a6 24.
Qb6 Qxb6 25. axb6 Kd7 26. b4 Nd3+ 27. Ke2 e4 28. Rc7+ Kd8 29. Rxb7 Bf6 30. Rc7 Rc8 31.
Ra1 Rxc7 32. bxc7+ Kxc7 33. Rxa6 Bxc3 34. Rc6+ Kd7 35.
Rxc3 Nxb4 36. Bd4 Ra8 37. Rb3 Nxd5 38. Rb7+ Ke6 39. Rb2 Ne7 40. Bg2 Nc6 41. Be3 Ne5 42. f4 exf3+ 43. Bxf3 Rc8 44. Bf4 Rc4 45. Bxe5 Kxe5 46.
Rb5+ Ke6 47. Bd5+ Kf6 48. Bxc4 1-0

[Event "Early-Titled-Tuesday-Blitz-March-26-2024"]
[Site "Chess.com"]
[Date "2024.03.26"]
[Round "7"]
[White "Navyblue1"]
[Black "maurovargas01"]
[Result "1-0"]
[WhiteElo "2242"]
[BlackElo "1852"]
[TimeControl "180+1"]
[EndTime "9:15:48 PDT"]
[Termination "Navyblue1 won on time"]

1. d4 d5 2. c4 c6 3. cxd5 cxd5 4. Nc3 Nc6 5. Bf4 Nf6 6. e3 h5 7. Bd3 Bd7 8. Nf3 Nb4 9. Bb5 a6 10. Bxd7+ Qxd7 11. a3 Nc6 12. O-O Ne4 13. Nd2 Nxc3 14. bxc3 Qd8 15. e4 e6 16. exd5 Qxd5 17. Rb1 b5 18. a4 h4 19. Qf3 Qd7 20. axb5 axb5 21. Ne4 h3 22. g3 Qd5 23. Rfe1 f5 24. Nf6+ gxf6 25. Qxd5 Kf7 26. Qxe6+ Kg6 27. g4 fxg4 28. Qxg4+ Kf7 29. Qe6+ Kg6 30. Qxc6 Rg8 31. Qe4+ Kh5+ 32. Bg3 Ra7 33. Qf3+ Kh6 34. Rxb5 Rag7 35. Rh5+ Kg6 36. Qg4+ Kf7 37. Qd7+ Kg6 38. Qf5+ Kf7 39. Rxh3 Bd6 40. Qd5+ Kg6 41. Qxd6 Kf7 42. Qf4 Kg6 43. Re3 Kf7 44.
Kg2 Rg6 45. Rh7+ R8g7 46. Rxg7+ Kxg7 47. Qc7+ Kh6 48. Qf4+ Kg7 49. Re7+ Kf8 50. Ra7 1-0

[Event "Early-Titled-Tuesday-Blitz-March-26-2024"]
[Site "Chess.com"]
[Date "2024.03.26"]
[Round "7"]
[White "chess_blitz00"]
[Black "Sina_Movahed"]
[Result "0-1"]
[WhiteElo "2570"]
[BlackElo "3067"]
[TimeControl "180+1"]
[EndTime "9:15:50 PDT"]
[Termination "Sina_Movahed won by checkmate"]

1. d4 Nf6 2. Nf3 g6 3. c4 Bg7 4.
Nc3 O-O 5. e4 d6 6. Be2 e5 7.
O-O exd4 8. Nxd4 Re8 9. Bg5 h6 10. Bh4 g5 11. Bg3 Nxe4 12. Nxe4 Rxe4 13. Nb5 Nd7 14. Nc3 Bxc3 15. bxc3 Nc5 16. f4 g4 17. Bxg4 Bxg4 18. Qxg4+ Kh8 19. Qh5 Qf6 20. Bf2 Kh7 21.
Bd4 Qg6 22. Qxg6+ Kxg6 23. Rf3 Kh7 24. f5 Rg8 25. Rd1 Re2 26. Rf2 Rxf2 27. Kxf2 Ne4+ 28. Kf3 Re8 29. h4 h5 30. Kf4 c5 31. Re1 cxd4 32. Rxe4 Rxe4+ 33. Kxe4 dxc3 34. Kd3 Kg7 35. Kxc3 Kf6 36.
Kd4 Kxf5 37. Kd5 Kg4 38. Kxd6 b6 39. Ke7 Kxh4 40. Kxf7 Kg3 41. Kg6 Kxg2 42. Kxh5 Kf3 43. Kg5 Ke4 44. Kf6 Kd4 45. Ke7 Kxc4 46. Kd6 b5 47. Kc6 a5 48. Kb6 a4 49. Ka5 a3 50.
Ka6 b4 51. Ka5 b3 52. Ka4 bxa2 53. Kxa3 a1=Q# 0-1

[Event "Early-Titled-Tuesday-Blitz-March-26-2024"]
[Site "Chess.com"]
[Date "2024.03.26"]
[Round "7"]
[White "teresin05"]
[Black "a-z30"]
[Result "0-1"]
[WhiteElo "2285"]
[BlackElo "2441"]
[TimeControl "180+1"]
[EndTime "9:15:51 PDT"]
[Termination "a-z30 won by resignation"]

1. e4 d6 2. d4 Nf6 3. Nc3 g6 4.
f4 Bg7 5. Nf3 O-O 6. Be3 b6 7. Bd3 c5 8. e5 Ng4 9. Bg1 cxd4 10. Bxd4 Nc6 11. Be4 Bb7 12. exd6 Nxd4 13. Bxb7 Nxf3+ 14. Qxf3 Rb8 15. O-O-O exd6 16. Nb5 Qf6 17.
c3 Rxb7 18. Qxb7 Nf2 19. Qf3 Nxh1 20. Rxh1 Re8 21. Rd1 Bh6 22. g3 Re6 23. Qd5 g5 24. fxg5 Qxg5+ 25. Qxg5+ Bxg5+ 26. Kb1 Re2 27. h4 Be7 28.
Nxd6 Bxd6 29. Rxd6 Re3 30. Rd8+ Kg7 31. Rd7 Rxg3 32.
Rxa7 Kg6 33. Ra6 f5 34. Rxb6+ Kh5 35. a4 f4 36. a5 Rg6 37. Rxg6 hxg6 38. a6 f3 39. a7 f2 40. a8=Q f1=Q+ 41. Ka2 Kxh4 42. Qe4+ Kg5 43. Qe5+ Qf5 44. Qg3+ Kf6 45. Qd6+ Qe6+ 46. Qxe6+ Kxe6 47. b4 g5 48. b5 g4 49. b6 Kd6 50. c4 g3 51. c5+ Kc6 52. Kb3 g2 0-1

[Event "Early-Titled-Tuesday-Blitz-March-26-2024"]
[Site "Chess.com"]
[Date "2024.03.26"]
[Round "7"]
[White "ActorXu"]
[Black "RandomNoob04"]
[Result "1/2-1/2"]
[WhiteElo "2857"]
[BlackElo "2663"]
[TimeControl "180+1"]
[EndTime "9:15:54 PDT"]
[Termination "Game drawn by agreement"]

1. e4 d5 2. exd5 Qxd5 3. Nc3 Qa5 4. Nf3 Nf6 5. d4 Bf5 6. Bc4 e6 7. O-O Bb4 8. Ne2 O-O 9. c3 Bd6 10. Ng3 Bg6 11. Nh4 c5 12. Nxg6 hxg6 13. dxc5 Qxc5 14. Be2 Qc7 15. Bg5 Nd5 16. Bf3 Bf4 17. Bxf4 Nxf4 18.
Qa4 Nd7 19. Rfd1 Nb6 20. Qe4 Nfd5 21. Rd4 Rfd8 22. Rad1 Rac8 23. Qe2 Ne7 24. Rxd8+ Rxd8 25. Rxd8+ Qxd8 26. Bxb7 Nbd5 27. Bxd5 Qxd5 28. b3 Nc6 29. h3 f5 30. c4 Qd6 31. Nf1 e5 32. Ne3 Nd4 33. Qd1 Qa3 34. Qd2 a5 35. Nd5 a4 36.
Kh2 axb3 37. axb3 Qxb3 38. Qg5 Qxc4 39. Ne7+ Kf7 40. Nxg6 Qe6 41. Nh4 e4 42. Qh5+ Kg8 43. Ng6 Qd6+ 44. Kh1 Qf6 45. Qh8+ Kf7 46. Nf4 Ne6 47. Qh5+ g6 48. Qh7+ Qg7 49. Qxg7+ Nxg7 50. h4 Kf6 1/2-1/2

[Event "Early-Titled-Tuesday-Blitz-March-26-2024"]
[Site "Chess.com"]
[Date "2024.03.26"]
[Round "7"]
[White "Chess_Gainz"]
[Black "alekroth65"]
[Result "1-0"]
[WhiteElo "2555"]
[BlackElo "2386"]
[TimeControl "180+1"]
[EndTime "9:15:54 PDT"]
[Termination "Chess_Gainz won on time"]

1. e4 d6 2. d4 Nf6 3. Nc3 g6 4. Be3 c6 5. h3 Bg7 6. f4 b5 7. a3 O-O 8. Bd3 Nbd7 9. Nf3 e5 10.
O-O Nh5 11. fxe5 dxe5 12. d5 cxd5 13. Nxd5 a6 14. c4 Nf4 15. Nxf4 exf4 16. Bxf4 Bxb2 17.
Ra2 Bg7 18. cxb5 axb5 19. Kh1 Qb6 20. Qe1 b4 21. e5 bxa3 22. Be4 Ra4 23. Qe3 Qxe3 24. Bxe3 Rxe4 25. Rxa3 Nxe5 26. Ng5 Rc4 27. Ra8 Bf5 28. Rxf8+ Bxf8 29. Bf4 Bg7 30. Re1 Rc5 31. Bh2 h6 32. Ne4 Bxe4 33. Rxe4 Rc1+ 34. Bg1 Nd3 35.
Kh2 Ne1 36. Be3 Rb1 37. Re8+ Kh7 38. Re7 Kg8 39. Re8+ Kh7 40. Re7 Nc2 41. Bf4 Rf1 42.
Bg3 Nd4 43. Rd7 Nf5 44. Bb8 Kg8 45. Rd8+ Bf8 46. Bc7 Rf2 47. Bb6 Rc2 48. Ba5 Kg7 49.
Bb6 Bd6+ 50. Kg1 1-0

[Event "Early-Titled-Tuesday-Blitz-March-26-2024"]
[Site "Chess.com"]
[Date "2024.03.26"]
[Round "7"]
[White "nikitakhoroshev"]
[Black "NastyaHn"]
[Result "0-1"]
[WhiteElo "2638"]
[BlackElo "2462"]
[TimeControl "180+1"]
[EndTime "9:15:57 PDT"]
[Termination "NastyaHn won by resignation"]

1. e4 e6 2. d4 d5 3. Nc3 Bb4 4. Ne2 Nf6 5. a3 Bxc3+ 6. Nxc3 dxe4 7. Bg5 h6 8. Bxf6 Qxf6 9. Nxe4 Qf4 10. Ng3 O-O 11.
Qd2 Qxd2+ 12. Kxd2 Rd8 13. Ke3 b6 14. f3 Bb7 15. Bd3 Nd7 16. Ne4 f5 17. Ng3 Kf7 18. h4 Nf6 19. h5 Nd5+ 20. Kf2 Nf4 21. Ne2 Nxd3+ 22. cxd3 Ba6 23. Ke3 Rd7 24. Rac1 Re8 25. f4 Bb7 26. Rhg1 Rc8 27. g4 Ba6 28. gxf5 exf5 29.
Rc6 Bb5 30. Rcg6 Kf8 31. Nc3 Re7+ 32. Kd2 Be8 33. R6g2 Bxh5 34. Nd5 Rd7 35. Ne3 g6 36. Kc3 c5 37. d5 Re8 38. Rg3 Rde7 39. Nc4 Bg4 40. Ne5 Rxe5 41. fxe5 Rxe5 42. Kc4 h5 43. Rh1 Ke7 44. d4 cxd4 45. Kxd4 Re4+ 46. Kd3 Kd6 47.
Rc1 Kxd5 48. b4 h4 49. Rgg1 Rd4+ 50. Ke3 h3 51. Rc8 h2 52. Rd8+ Ke5 53. Re8+ Kf6 54. Rh1 Re4+ 55. Kf2 Rxe8 56. Rxh2 Re2+ 57. Kg3 Rxh2 58. Kxh2 f4 59. Kg2 g5 60. Kf2 Kf5 61.
a4 Bh5 62. a5 Be8 63. axb6 axb6 64. b5 g4 65. Ke2 Bxb5+ 66. Kf2 g3+ 67. Kg2 0-1

[Event "Early-Titled-Tuesday-Blitz-March-26-2024"]
[Site "Chess.com"]
[Date "2024.03.26"]
[Round "7"]
[White "Jospem"]
[Black "PeshkaCh"]
[Result "1-0"]
[WhiteElo "3087"]
[BlackElo "2866"]
[TimeControl "180+1"]
[EndTime "9:15:58 PDT"]
[Termination "Jospem won by checkmate"]

1. e4 e5 2. Nf3 Nc6 3. Nc3 Nf6 4. h3 h6 5. d4 exd4 6. Nxd4 Bb4 7. Nxc6 bxc6 8. Bd3 d5 9. exd5 cxd5 10. O-O O-O 11. Qf3 Be6 12. Bf4 Bd6 13. Rad1 Rb8 14. b3 Bxf4 15. Qxf4 c6 16. Na4 Qe7 17. Rfe1 Rfe8 18. Qd4 Rb4 19. Qc5 Qxc5 20. Nxc5 Rbb8 21. f4 Kf8 22.
Kf2 Bc8 23. c3 Nd7 24. Na4 Bb7 25. c4 Rxe1 26. Rxe1 dxc4 27. Bxc4 Nb6 28. Nc5 Bc8 29. Rc1 Nxc4 30. Rxc4 Ke7 31. Ra4 Ra8 32. Ra5 Be6 33. Nxe6 Kxe6 34. Ke3 Kd6 35. Kd4 Kc7 36. Kc5 Kb7 37. Kd6 Rd8+ 38. Ke7 Rd5 39. Ra4 f5 40. Kf7 Rd2 41. g4 fxg4 42. hxg4 Rd7+ 43. Kg6 c5 44. f5 Kc6 45. Re4 Rd4 46. Re6+ Kd5 47.
Kxg7 Rxg4+ 48. Kxh6 c4 49. bxc4+ Rxc4 50. Ra6 Ke5 51. Kg5 Rc7 52. f6 Rc1 53. f7 Rg1+ 54. Kh6 Rf1 55. Kg7 Kd5 56. f8=Q Rxf8 57. Kxf8 Kc5 58.
Rxa7 Kb5 59. Ra3 Kb6 60. Rb3+ Ka6 61. Ke7 Ka5 62. Kd6 Ka4 63. Kc5 Ka5 64. Ra3# 1-0

[Event "Early-Titled-Tuesday-Blitz-March-26-2024"]
[Site "Chess.com"]
[Date "2024.03.26"]
[Round "7"]
[White "frederiksvane"]
[Black "kids2010"]
[Result "1-0"]
[WhiteElo "2991"]
[BlackElo "2806"]
[TimeControl "180+1"]
[EndTime "9:15:59 PDT"]
[Termination "frederiksvane won by resignation"]

1. e4 c6 2. d4 d5 3. exd5 cxd5 4. Nf3 Nc6 5. c3 Bg4 6. h3 Bh5 7. Qb3 Qc7 8. Qxd5 Nf6 9. Qc4 Bxf3 10. gxf3 O-O-O 11. Be3 e5 12. dxe5 Qxe5 13. f4 Qd5 14. Qxd5 Nxd5 15. Bg2 Nxe3 16. fxe3 Bc5 17. Ke2 Rhe8 18. e4 f5 19. Nd2 Re7 20. h4 fxe4 21. Nxe4 Rde8 22.
Kd3 Rd8+ 23. Kc2 Be3 24. f5 Rxe4 25. Bxe4 Rd2+ 26. Kb3 Na5+ 27. Kb4 b6 28. b3 a6 29. Rhd1 Rf2 30. Rf1 Rd2 31. Ka4 Kc7 32. f6 gxf6 33. Rxf6 Bc5 34. b4 Nc4 35. Bc2 Rxc2 36. Kb3 Ne3 37.
bxc5 bxc5 38. Re1 c4+ 39. Ka3 Nd5 40. Rf3 Nxc3 41. Re4 Nb5+ 42. Kb4 c3 43. Rc4+ Kb7 44. a4 Rb2+ 45. Kc5 Nc7 46. Rf7 Kb8 47. Rxc3 Ne6+ 48.
Kd5 Nd8 49. Rf8 Kb7 50. Ke4 Rd2 51. Rd3 Re2+ 52. Kf3 1-0

[Event "Early-Titled-Tuesday-Blitz-March-26-2024"]
[Site "Chess.com"]
[Date "2024.03.26"]
[Round "7"]
[White "MaxLeto"]
[Black "ogpin"]
[Result "1-0"]
[WhiteElo "2490"]
[BlackElo "2272"]
[TimeControl "180+1"]
[EndTime "9:16:00 PDT"]
[Termination "MaxLeto won on time"]

1. g4 g6 2. Bg2 Bg7 3. d4 a5 4. h4 d6 5. g5 Nc6 6. c3 e5 7. Nf3 Bg4 8. d5 Nce7 9. c4 h6 10.
Nc3 Nf5 11. Ne4 f6 12. Qd3 hxg5 13. hxg5 Rxh1+ 14. Bxh1 Qe7 15. Bd2 Bxf3 16. Bxf3 Nd4 17. gxf6 Nxf6 18. Nxf6+ Qxf6 19. Bg4 Kf7 20. O-O-O a4 21.
e3 Nf3 22. Bc3 a3 23. b3 Ng5 24. f4 Nh7 25. Rf1 e4 26. Be6+ Kf8 27. Bxf6 exd3 28. Bxg7+ Kxg7 29. Kd2 Nf6 30. Kxd3 Rh8 31. Rf2 Rh1 32.
Rg2 Rb1 33. f5 Ne8 34. Rxg6+ Kh7 35. Rg2 Rb2 36. Rxb2 axb2 37. Kc2 Kg7 38. Kxb2 Kf6 39. Kc3 Ke5 40. Kd3 Nf6 41. b4 b6 42. a4 Ne4 43. a5 bxa5 44. bxa5 Nc5+ 45. Kc3 Na6 46. Kb3 c5 47. Ka4 Nc7 48. Bd7 Kf6 49. Bc8 Ke5 50. a6 1-0

[Event "Early-Titled-Tuesday-Blitz-March-26-2024"]
[Site "Chess.com"]
[Date "2024.03.26"]
[Round "7"]
[White "NelsonLinda"]
[Black "EternalNight8"]
[Result "1-0"]
[WhiteElo "2655"]
[BlackElo "2471"]
[TimeControl "180+1"]
[EndTime "9:16:01 PDT"]
[Termination "NelsonLinda won by resignation"]

1. d4 Nf6 2. Nf3 e6 3. Bg5 Be7 4. Nbd2 d5 5. e3 h6 6. Bh4 c5 7.
c3 Nc6 8. Bd3 cxd4 9. exd4 O-O 10. O-O Nh5 11. Bg3 Nxg3 12. hxg3 Bd6 13. Re1 Qf6 14.
Nf1 g6 15. Ne3 h5 16. b4 a6 17. a4 b6 18. Qb3 Bb7 19. Re2 Ne7 20. Rae1 Nf5 21.
Nxf5 gxf5 22. Ne5 Rfd8 23. Qb1 Kg7 24. Qc1 Rac8 25. Rc2 h4 26. Qf4 Rh8 27. Re3 h3 28. g4 h2+ 29. Kh1 Rh4 30. Rg3 Kh8 31. Nxf7+ Qxf7 32. Qxd6 fxg4 33. Qe5+ Qg7 34. Qxe6 Rf8 35. Re2 Qg5 36.
Qe5+ Qxe5 37. Rxe5 Rxf2 38. Re8+ Kg7 39. Re7+ Rf7 40.
Rxf7+ Kxf7 41. Bf5 Kf6 42. Bxg4 a5 43. bxa5 bxa5 44. Bd7 Ba6 45. Rh3 Rxh3 46. gxh3 Kg5 47.
Kxh2 Bc4 48. Kg3 Bb3 49. h4+ Kh6 50. Be8 Bc2 51. Kf4 Bb3 52. Ke5 Bc4 53. Kd6 Bb3 54. Kc5 Bc4 55. Kb6 1-0

[Event "Early-Titled-Tuesday-Blitz-March-26-2024"]
[Site "Chess.com"]
[Date "2024.03.26"]
[Round "7"]
[White "DreamsAreFake"]
[Black "temus_galaktionov"]
[Result "1/2-1/2"]
[WhiteElo "2761"]
[BlackElo "2887"]
[TimeControl "180+1"]
[EndTime "9:16:02 PDT"]
[Termination "Game drawn by repetition"]

1. Nf3 c6 2. g3 g6 3. Bg2 d6 4. d4 Bg7 5. O-O Nd7 6. c3 Ngf6 7. Nbd2 O-O 8. e4 e5 9. dxe5 dxe5 10. Qe2 Qc7 11.
a4 b6 12. b3 Nc5 13. Ba3 Ba6 14. c4 Nfd7 15. b4 Nxa4 16. b5 cxb5 17. Bxf8 Bxf8 18.
Rfc1 Rc8 19. Nb3 Bb4 20. Bh3 Nc3 21. Qd3 Rd8 22. Bxd7 Rxd7 23. Qe3 bxc4 24. Nbd2 Bb5 25. Rxc3 Bxc3 26. Qxc3 f6 27. Qb4 a6 28. Rc1 Qc6 29. Nxc4 Qxe4 30. Nfd2 Rxd2 31. Qxd2 Bxc4 32. Qd8+ Kg7 33. Qxb6 Bd5 34. Rc7+ Kh6 35. Qe3+ Qxe3 36. fxe3 Kg5 37. Rxh7 Bc4 38. Ra7 e4 39. Kf2 Kg4 40. Rb7 f5 41. h4 Bb5 42. Rb6 Kh5 43. Re6 g5 44. Re5 Kg4 45. hxg5 Kxg5 46. Re7 a5 47. Ra7 a4 48. Ra5 Bc6 49. Ra6 Bb5 50. Ra5 Bc6 51. Rc5 Bd7 52. Ra5 Bc6 1/2-1/2

[Event "Early-Titled-Tuesday-Blitz-March-26-2024"]
[Site "Chess.com"]
[Date "2024.03.26"]
[Round "7"]
[White "noblerone"]
[Black "HanSchut"]
[Result "1/2-1/2"]
[WhiteElo "2555"]
[BlackElo "2291"]
[TimeControl "180+1"]
[EndTime "9:16:04 PDT"]
[Termination "Game drawn by repetition"]

1. d4 Nf6 2. Nf3 g6 3. c4 Bg7 4. Nc3 d5 5. Bg5 Ne4 6. Bf4 Nxc3 7. bxc3 dxc4 8. Qa4+ c6 9. Qxc4 O-O 10. e3 Nd7 11.
Be2 Nb6 12. Qb3 Be6 13. Qc2 Bc4 14. O-O Qd7 15. Ne5 Bxe5 16. Bxe5 Bxe2 17. Qxe2 Qd5 18. Bc7 Qc4 19. Qb2 Nd5 20. Qxb7 Nxc3 21. Bg3 e6 22. a4 c5 23. dxc5 Qxc5 24. a5 Ne2+ 25. Kh1 Nxg3+ 26. hxg3 Rfb8 27. Qf3 Qd5 28. Qxd5 exd5 29. Rfd1 Rb5 30.
a6 Rc8 31. Rd2 Rc6 32. Kg1 Rbb6 33. Rda2 Rd6 34. g4 d4 35. e4 f6 36. f3 Kf7 37. Rd2 Ke6 38. f4 g5 39. g3 Rxa6 40. Rxa6 Rxa6 41. Rxd4 Ra2 42. Rb4 a5 43. Rb6+ Kd7 44.
Rb7+ Ke6 45. Rb6+ Kd7 46. Rb7+ Ke6 47. Rxh7 gxf4 48. gxf4 Ra4 49. Ra7 Rxe4 50. Ra6+ Kf7 51. Rxa5 Rxf4 52. Ra7+ Kg6 53. Kg2 Rxg4+ 54. Kf3 Rg5 55.
Ra8 Rf5+ 56. Kg4 Rg5+ 57. Kf4 Kf7 58. Ra7+ Kg6 59. Ra8 Rf5+ 60. Kg4 Ra5 61. Rg8+ Kf7 62. Rb8 Ra6 63. Kf5 Ra5+ 64. Kf4 Ke6 65. Rb6+ Kf7 66. Rb8 Ra4+ 67. Kf5 Ra5+ 68. Kf4 1/2-1/2

[Event "Early-Titled-Tuesday-Blitz-March-26-2024"]
[Site "Chess.com"]
[Date "2024.03.26"]
[Round "7"]
[White "Bilan_Danila"]
[Black "Masterbeaterr"]
[Result "1/2-1/2"]
[WhiteElo "2636"]
[BlackElo "2446"]
[TimeControl "180+1"]
[EndTime "9:16:04 PDT"]
[Termination "Game drawn by repetition"]

1. d4 d5 2. Nf3 Nf6 3. c4 dxc4 4. e3 e6 5. Bxc4 c5 6. dxc5 Bxc5 7. Qxd8+ Kxd8 8. a3 a6 9. b4 Ba7 10. Bb2 Ke7 11.
a4 Nc6 12. b5 Na5 13. Ba3+ Ke8 14. Nbd2 Nxc4 15. Nxc4 Ne4 16. Nfd2 Nxd2 17. Kxd2 f6 18. Nd6+ Kd7 19. Rhd1 e5 20. Ke2 Ke6 21. Rac1 Rd8 22. g4 Bb6 23. Nf5 Rxd1 24. Rxd1 g6 25. Rd6+ Kf7 26. Nh6+ Kg7 27. Rxb6 Kxh6 28. Bf8+ Kg5 29.
Be7 Bxg4+ 30. f3 Bh3 31. Bxf6+ Kf5 32. e4+ Kf4 33. Bg7 Kg5 34. Bxe5 axb5 35. Rxb5 Bd7 36. Rc5 Rxa4 37. Bg7+ Kh4 38. Bf6+ Kh3 39. Rc7 Bb5+ 40. Ke3 Ra3+ 41. Kf4 Kg2 42. Rxh7 Rxf3+ 43. Ke5 Bc6 44.
Bg5 Rf8 45. Re7 Kxh2 46. Kd4 Kg3 47. e5 Kg4 48. Bf6 Kf5 49. Rg7 Ra8 50. Rf7 Ke6 51.
Re7+ Kf5 52. Rg7 Ra4+ 53. Kc5 Re4 54. Kd6 Rd4+ 55. Kc7 Re4 56. Rf7 Ke6 57. Re7+ Kf5 58. Kd6 Rd4+ 59. Kc5 Re4 60. Kd6 Rd4+ 61. Kc5 Re4 62.
Kd6 1/2-1/2

[Event "Early-Titled-Tuesday-Blitz-March-26-2024"]
[Site "Chess.com"]
[Date "2024.03.26"]
[Round "7"]
[White "FlemingA"]
[Black "MatyChess1"]
[Result "0-1"]
[WhiteElo "2437"]
[BlackElo "2636"]
[TimeControl "180+1"]
[EndTime "9:16:04 PDT"]
[Termination "MatyChess1 won by resignation"]

1. e4 e5 2. Nf3 Nc6 3. c3 Nf6 4. d4 d6 5. Bd3 g6 6. O-O Bg7 7. a4 O-O 8. a5 a6 9. Nbd2 Re8 10. Re1 h6 11. d5 Ne7 12. b4 Nh7 13. c4 f5 14. c5 Nf6 15. cxd6 cxd6 16. Qb3 Kh8 17.
Ba3 Bd7 18. Rac1 Rf8 19. Bb1 Bb5 20. Bb2 Rc8 21. Rxc8 Qxc8 22. Nh4 Qd7 23. Qg3 g5 24. Nxf5 Nxf5 25. exf5 Nxd5 26. Ne4 Nf4 27. Qg4 Bc6 28. Rd1 d5 29. g3 h5 30. Nc5 hxg4 31. Nxd7 Nh3+ 32.
Kf1 Bxd7 33. Rxd5 Bxf5 34. Bxf5 Rxf5 35. Rd2 e4 36. Bxg7+ Kxg7 37. Re2 e3 38. Rxe3 Rxf2+ 39. Ke1 Rf7 40. Re5 Kg6 41. Rd5 Rc7 42. Rd6+ Kh5 43.
Rb6 Ng1 44. Kf2 Nf3 45. h3 Ne5 46. Re6 Nd3+ 47. Ke3 Nxb4 48. hxg4+ Kxg4 49. Re4+ Kxg3 50. Rxb4 g4 51. Rb6 Re7+ 52. Kd4 Kf2 53. Rf6+ Kg2 54. Rg6 g3 55. Kd3 Kf2 56. Rf6+ Kg1 57. Rf7 Rxf7 0-1

[Event "Early-Titled-Tuesday-Blitz-March-26-2024"]
[Site "Chess.com"]
[Date "2024.03.26"]
[Round "7"]
[White "Better_Chess_Faster"]
[Black "ChempionBg"]
[Result "1-0"]
[WhiteElo "2190"]
[BlackElo "2335"]
[TimeControl "180+1"]
[EndTime "9:16:05 PDT"]
[Termination "Better_Chess_Faster won on time"]

1. d4 Nf6 2. Bg5 d5 3. e3 Bf5 4. Bxf6 exf6 5. c4 c6 6. Nc3 Be7 7. Nf3 O-O 8. g3 dxc4 9. Bxc4 Nd7 10. O-O Nb6 11. Bd3 Bxd3 12. Qxd3 Qd7 13. Kg2 Rfe8 14. Rac1 Bf8 15. b3 f5 16. Rfd1 Rad8 17. Qc2 Nd5 18. Nxd5 Qxd5 19. Qc4 Qe4 20. Qc2 Ba3 21. Qxe4 fxe4 22. Ne5 Bxc1 23. Rxc1 f6 24. Nc4 Rd5 25.
a4 b5 26. Nd2 bxa4 27. bxa4 Ra5 28. Rc4 f5 29. Nb3 Rd5 30. Rxc6 Rb8 31. Nc5 Rdd8 32. Rc7 a5 33. Ne6 Re8 34. Nxg7 Rec8 35. Ra7 Rc4 36.
Nxf5 Rxa4 37. Nd6 Ra2 38. Nxe4 a4 39. Nf6+ Kf8 40. Nxh7+ Ke8 41. Nf6+ Kd8 42. h4 a3 43.
h5 Rbb2 44. Ne4 Rb5 45. h6 Rh5 46. h7 Ra1 47. h8=Q+ Rxh8 48. Ra8+ Kd7 49. Rxh8 a2 50. Ra8 Kc7 51. Kf3 Kb7 52. g4 Kxa8 53. g5 Rh1 54. g6 a1=Q 55. g7 Qa2 56. Nf6 1-0

[Event "Early-Titled-Tuesday-Blitz-March-26-2024"]
[Site "Chess.com"]
[Date "2024.03.26"]
[Round "7"]
[White "Russian_berezka"]
[Black "jakopogi"]
[Result "1/2-1/2"]
[WhiteElo "2585"]
[BlackElo "2800"]
[TimeControl "180+1"]
[EndTime "9:16:06 PDT"]
[Termination "Game drawn - insufficient material"]

1. d4 Nf6 2. Bf4 d5 3. e3 e6 4. Nd2 Bd6 5. Bxd6 Qxd6 6. f4 Nbd7 7. Bd3 c5 8. c3 cxd4 9. cxd4 Nb6 10. Ngf3 Bd7 11.
Ne5 Bc6 12. O-O O-O 13. g4 Nfd7 14. Rf3 Nxe5 15. fxe5 Qe7 16. Qe2 f6 17. exf6 Rxf6 18.
Raf1 Raf8 19. Kg2 e5 20. Rxf6 Rxf6 21. Rxf6 Qxf6 22. Qf2 Bd7 23. Qxf6 gxf6 24. Kg3 Na4 25. b3 Nc3 26. a4 Nd1 27. e4 exd4 28. exd5 Kf7 29.
Bxh7 Ne3 30. Ne4 Nxg4 31. Nd6+ Ke7 32. Nxb7 Ne3 33. Nc5 Bc8 34. Kf4 Kd6 35. Ne4+ Ke7 36. d6+ Kd7 37. h4 Kc6 38. Nxf6 Kxd6 39. h5 Be6 40. h6 Ke7 41. Bg8 Kxf6 42. Bxe6 Ng2+ 43. Ke4 Kg6 44. Kxd4 Kxh6 45. Kc5 Kg7 46. Kb5 Kf6 47. Bd5 Ne3 48. Bc6 Ke5 49. Ka6 Kd6 50. Be4 Kc5 51. Bh7 Nd5 52. Kxa7 Kb4 53. Bg8 Nc3 54. Kb6 Nxa4+ 55.
bxa4 Kxa4 1/2-1/2